 Dungeon Crawl Stone Soup version 0.30-a0-779-g7971cf19c3 (webtiles) character file.

Game seed: 10407398916094704511

58 Firecrotchwizard the Chopper (level 4, 0/41 HPs)
             Began as a Hill Orc Monk on Feb 18, 2023.
             Succumbed to an orc wizard's poison
             ... on level 3 of the Dungeon.
             The game lasted 00:02:51 (1007 turns).

Firecrotchwizard the Chopper (Hill Orc Monk)        Turns: 1007, Time: 00:02:51

Health: 0/41       AC:  5    Str: 15    XL:     4   Next: 2%
Magic:  4/4        EV: 11    Int: 10    God:
Gold:   39         SH:  0    Dex: 13    Spells: 3/3 levels left

rFire   . . .      SeeInvis .    g - +1 dagger (speed)
rCold   . . .      Faith    .    (no shield)
rNeg    . . .      Spirit   .    e - +0 ring mail
rPois   .          Reflect  .    (no helmet)
rElec   .          Harm     .    (no cloak)
rCorr   .          Rampage  .    (no gloves)
Will    .....                    (no boots) Stlth
                                 (no amulet)
HPRegen 0.26/turn                (no ring)
MPRegen 0.09/turn                (no ring)

@: confused, lethally poisoned (0 -> -26), ambrosia-drunk
A: no striking features
a: no special abilities


You were on level 3 of the Dungeon.
You visited 1 branch of the dungeon, and saw 3 of its levels.

You collected 39 gold pieces.

Inventory:

Hand Weapons
 a - a +0 hand axe
 g - a +1 dagger of speed (weapon)
   (You took it off a kobold on level 2 of the Dungeon)
Missiles
 s - 10 stones (quivered)
Armour
 b - a +0 robe
 e - a +0 ring mail (worn)
   (You found it on level 1 of the Dungeon)
Wands
 d - a wand of digging (1)
   (You took it off Jessica on level 2 of the Dungeon)
Scrolls
 c - a scroll of amnesia {unknown}
 i - a scroll of poison {unknown}
Potions
 f - a potion of curing {unknown}
 h - a potion of magic {unknown}


   Skills:
 + Level 4.4 Fighting
 * Level 5.7 Axes
 - Level 2.4 Dodging
 - Level 1.5 Stealth


You had 3 spell levels left.
You didn't know any spells.
Your spell library was empty.

Dungeon Overview and Level Annotations

Branches:
Dungeon (3/15)

Altars:


Message History

You see here a +0 club.
Found a stone staircase leading down.
There is a stone staircase leading down here.
You climb downwards.
The orc shouts!
The orc wizard shouts!
The orc shouts!
There is a stone staircase leading up here.
The orc wizard gestures wildly while chanting.
The orc wizard flickers and vanishes!
Deactivating autopickup; reactivate with Ctrl-A.
The orc throws a boomerang.
The boomerang hits you but does no damage.
The orc throws a boomerang.
The boomerang misses you. The orc hits you but does no damage.
You hit the orc but do no damage. You hit the orc but do no damage.
The orc barely misses you.
You hit the orc. The orc barely misses you.
You hit the orc but do no damage. You closely miss the orc.
The orc closely misses you.
You hit the orc but do no damage. You hit the orc. The orc closely misses you.
You hit the orc but do no damage. The orc hits you with a +0 flail.
You take 2 damage, and have 32/34 hp.
You hit the orc. You hit the orc but do no damage. The orc barely misses you.
You hit the orc. The orc barely misses you.
You closely miss the orc. You hit the orc. The orc hits you with a +0 flail.
You take 1 damage, and have 32/34 hp.
You closely miss the orc. The orc hits you with a +0 flail!
You take 7 damage, and have 25/34 hp.
MASSIVE DAMAGE!!
You hit the orc.
You kill the orc!
You have reached level 4!
You regained 5 hp, and now have 30/41 hp.
MP restored: 4 You hit something but do no damage.
You hear some strange, mumbled words.
Something tries to affect you, but you resist.
You hit something but do no damage. Something hits you.
You are poisoned.
You take 1 damage, and have 30/41 hp.
You barely miss something.
You feel sick.
You take 2 damage, and have 28/41 hp.
You hit something.
You feel sick. Something hits you but does no damage.
You take 1 damage, and have 27/41 hp.
You hit something.
You feel sick.
You take 1 damage, and have 26/41 hp.
You closely miss something.
You feel sick.
You hear some strange, mumbled words.
A magic dart appears from out of thin air!
The magic dart hits you.
You take 4 damage, and have 22/41 hp.
You closely miss something.
You feel sick. Something hits you but does no damage.
You are more poisoned.
You take 1 damage, and have 21/41 hp.
You completely miss something.
You feel sick.
You take 2 damage, and have 19/41 hp.
You barely miss something.
You feel sick. Something completely misses you.
You take 2 damage, and have 17/41 hp.
You barely miss something.
You feel sick. Something hits you but does no damage.
You are lethally poisoned!
You take 2 damage, and have 15/41 hp.
You hit something but do no damage.
You feel sick.
You take 2 damage, and have 13/41 hp.
You miss something.
* * * LOW HITPOINT WARNING * * *
You feel sick.
You hear some strange, mumbled words.
A puff of flame appears from out of thin air!
The puff of flame misses you.
You take 1 damage, and have 12/41 hp.
You hit something.
* * * LOW HITPOINT WARNING * * *
You feel sick.
You take 2 damage, and have 10/41 hp.
Unknown command.
You barely miss something.
* * * LOW HITPOINT WARNING * * *
You feel sick. Something hits you.
* * * LOW HITPOINT WARNING * * *
You are more poisoned.
You take 5 damage, and have 5/41 hp.
Really quaff
G - a potion of ambrosia {!q}?
You are confused.
You feel invigorated.
* * * LOW HITPOINT WARNING * * *
You feel very sick. Something hits you.
* * * LOW HITPOINT WARNING * * *
You take 1 damage, and have 4/41 hp.
* * * LOW HITPOINT WARNING * * *
You feel very sick. Something hits you.
* * * LOW HITPOINT WARNING * * *
You are more poisoned.
You take 2 damage, and have 2/41 hp.
You die...

#+#####
)......
.......
.......
.......
.......
####.......
+.@{o......
####.......
.......
.......
.......
.......
.......
.......


You could see an orc.

Vanquished Creatures
  Jessica (D:2)
  A worm (D:2)
  2 dart slugs
  An orc (D:3)
  A giant cockroach (D:1)
  3 goblins (D:2)
  3 hobgoblins (D:2)
  6 bats
  2 frilled lizards (D:2)
  3 kobolds
  3 rats (D:2)
26 creatures vanquished.

Notes
Turn   | Place    | Note
-------+----------+-------------------------------------------
     0 | D:1      | Firecrotchwizard the Hill Orc Monk began the quest for the
                  | Orb.
     0 | D:1      | Reached XP level 1. HP: 19/19 MP: 1/1
   120 | D:1      | Reached XP level 2. HP: 24/27 MP: 2/2
   227 | D:2      | Reached skill level 4 in Fighting
   398 | D:2      | Reached skill level 5 in Axes
   428 | D:2      | Noticed Jessica
   438 | D:2      | Killed Jessica
   439 | D:2      | Reached XP level 3. HP: 18/34 MP: 3/3
   990 | D:3      | Reached XP level 4. HP: 30/41 MP: 4/4
  1003 | D:3      | HP: 10/41 [poisoned by an orc wizard]
  1005 | D:3      | HP: 4/41 [something (1)]
  1007 | D:3      | Succumbed to an orc wizard's poison

Illustrated notes

Levels and vault maps discovered:
D:1:      ncdulo_watergridlock, layout_rooms
D:2:      minmay_skewed_foursquare, layout_loops_ring, basic_altar, uniq_jessica
D:3:      layout_basic, nicolae_vehumet_altar_sigil,
          hellmonk_ecumenical_altar_leap_of_faith

Skill      XL: |  1  2 |
---------------+-------+-----
Fighting       | 4 |  4.4
Axes           | 5 |  5.7
Dodging        | |  2.4
Stealth        | |  1.5

Action                     |  1- 3 |  4- 6 || total
---------------------------+-------+-------++-------
  Melee: Hand axe          |    63 |       ||    63
         Punch             |     1 |       ||     1
         Dagger            |    68 |    14 ||    82
    Use: Potion            |       |     1 ||     1
 Armour: Robe              |     8 |       ||     8
         Ring mail         |    39 |     3 ||    42
  Dodge: Dodged            |    70 |     2 ||    72

Table legend: (Time is in decaauts)
 A = Elapsed time spent in this place.
 B = Non-inter-level travel time spent in this place.
 C = Inter-level travel time spent in this place.
 D = Time resting spent in this place.
 E = Time spent auto-exploring this place.
 F = Levels seen in this place.
 G = Mean time per level.
                   A        B        C        D        E       F      G
               +--------+--------+--------+--------+--------+-----+--------+
         Total |    981 |    976 |      5 |     11 |    683 |   3 |  327.0 |
       Dungeon |    981 |    976 |      5 |     11 |    683 |   3 |  327.0 |
               +--------+--------+--------+--------+--------+-----+--------+

Top non-repeatable levels by time:
     D:2: 802 daAuts
     D:1: 147 daAuts
     D:3: 31 daAuts

Table legend:
 A = Kills in this place as a percentage of kills in entire the game.
 B = Kills by you in this place as a percentage of kills by you in the entire game.
 C = Kills by friends in this place as a percentage of kills by friends in the entire game.
 D = Other kills in this place as a percentage of other kills in the entire game.
 E = Experience gained in this place as a percentage of experience gained in the entire game.
 F = Experience gained in this place divided by the number of levels of this place that you have seen.
                   A       B       C       D       E      F
               +-------+-------+-------+-------+-------+----------------------
         Total | 100.0 | 100.0 |   N/A |   N/A | 100.0 |  28.0
       Dungeon | 100.0 | 100.0 |   N/A |   N/A | 100.0 |  28.0
               +-------+-------+-------+-------+-------+----------------------
